 Dungeon Crawl Stone Soup version 0.30-a0-187-gd9c2deaf24 (webtiles) character file.

Game seed: 10937192190671789777

156384 scionoferis the Unseen (level 18, -4/112 HPs)
             Began as a Kobold Brigand on Oct 3, 2022.
             Was a Believer of Uskayaw.
             Slain by Arachne
             ... wielding a staff of poison
              (8 damage)
             ... on level 1 of the Spider Nest.
             The game lasted 02:03:24 (36682 turns).

scionoferis the Unseen (Kobold Brigand)            Turns: 36682, Time: 02:03:25

Health: -4/112     AC: 19    Str:  8    XL:     18   Next: 30%
Magic:  29/29      EV: 20    Int: 22    God:    Uskayaw [**....]
Gold:   2384       SH: 12    Dex: 19    Spells: 15/17 levels left

rFire   . . .      SeeInvis +    a - +6 rapier (spect)
rCold   + + .      Faith    .    l - +0 buckler
rNeg    . . .      Spirit   .    N - +2 scale mail of Misanthropy {rPois rC++ rCorr}
rPois   +          Reflect  +    M - +0 hat {SInv}
rElec   .          Harm     .    X - +1 cloak
rCorr   +          Rampage  .    B - +0 pair of gloves
Will    ++...                    V - +0 pair of boots
Stlth   ++++++....               v - amulet of reflection
HPRegen 0.38/turn                R - +4 ring of protection
MPRegen 0.21/turn                x - +4 ring of evasion

@: lethally poisoned (-4 -> -5)
A: small, no large weapons, nightstalker 3, hooves 1, clever 2, strong-willed 1
a: Renounce Religion, Stomp, Line Pass


You were on level 1 of the Spider Nest.
You worshipped Uskayaw.
Uskayaw was pleased with you.
You visited 5 branches of the dungeon, and saw 25 of its levels.
You also visited: Bailey.

You collected 3563 gold pieces.
You spent 1179 gold pieces at shops.

Inventory:

Hand Weapons
 a - a +6 spectral rapier (weapon)
 d - the +9 dagger of War {freeze, rPois}
   (You found it on level 9 of the Dungeon)

   It freezes those it strikes, dealing additional cold damage.
   It can also slow down cold-blooded creatures.
   rPois:     It protects you from poison.
 h - the +6 scimitar "Qigraih" {holy, rElec rN+ Dex-4}
   (You found it on level 14 of the Dungeon)

   It has been blessed by the Shining One to cause great damage to the undead
   and demons.
   Dex:       It affects your dexterity (-4).
   rElec:     It insulates you from electricity.
   rN:        It protects you from negative energy.
 r - a +1 vorpal sling
 A - a +0 vampiric demon blade
Missiles
 e - 3 curare-tipped darts
 g - 25 boomerangs (quivered)
 D - 3 throwing nets
 E - 13 poisoned darts
 P - 2 datura-tipped darts
Armour
 l - a +0 buckler (worn)
 B - a +0 pair of gloves (worn)
 M - a +0 hat of see invisible (worn)
 N - the +2 scale mail of Misanthropy (worn) {rPois rC++ rCorr}
   (You bought it in a shop on level 6 of the Dungeon)

   rC:        It greatly protects you from cold.
   rPois:     It protects you from poison.
   rCorr:     It protects you from acid and corrosion.
 V - a +0 pair of boots (worn)
 X - a +1 cloak (worn)
Jewellery
 o - a ring of positive energy
 u - a ring of willpower
 v - an amulet of reflection (around neck)
 x - a +4 ring of evasion (right hand)
 y - a ring of poison resistance
 R - a +4 ring of protection (left hand)
Wands
 n - a wand of light (6)
 w - a wand of mindburst (10)
 z - a wand of polymorph (4)
 C - a wand of flame (99)
 I - a wand of digging (6)
 Q - a wand of iceblast (24)
 T - a wand of paralysis (7)
Scrolls
 f - 5 scrolls of butterflies
 i - 8 scrolls of blinking
 j - a scroll of summoning
 q - 2 scrolls of fear
 F - 8 scrolls of teleportation
 J - 2 scrolls of magic mapping
 L - 3 scrolls of poison
 W - a scroll of silence
Potions
 b - 2 potions of resistance
 k - 6 potions of heal wounds
 p - 15 potions of curing
 s - 2 potions of haste
 t - a potion of mutation
 G - 3 potions of might
 H - 3 potions of magic
 S - 2 potions of flight
 Z - 5 potions of cancellation
Miscellaneous
 c - a phial of floods (inert)
 m - a condenser vane
 U - a tin of tremorstones (2/2)


   Skills:
 + Level 12.4 Fighting
 + Level 14.8(16.6) Short Blades
 - Level 8.0(10.2) Long Blades
 - Level 6.0 Throwing
 + Level 9.5 Armour
 + Level 13.2 Dodging
 + Level 15.5 Stealth
 - Level 6.0 Shields
 + Level 5.7 Translocations
 * Level 14.9 Invocations
 + Level 7.2 Evocations


You had 15 spell levels left.
You knew the following spells:

 Your Spells              Type           Power      Damage    Failure   Level
a - Blink                 Tloc           50%        N/A       22%         2

Your spell library contained the following spells:

 Spells                   Type           Power      Damage    Failure   Level
 Lesser Beckoning         Tloc           50%        N/A       41%         3
 Momentum Strike          Conj/Tloc      24%        3d8       56%         2
 Kiss of Death            Conj/Necr      0%         2d5       83%         1
 Magic Dart               Conj           0%         1d3       83%         1
 Slow                     Hex            0%         N/A       83%         1
 Sting                    Tmut/Pois      0%         1d3       83%         1
 Summon Small Mammal      Summ           0%         N/A       83%         1
 Kindle Blastsparks       Fire/Tloc/Air  16%        2d11      91%         3
 Poisonous Vapours        Pois/Air       0%         N/A       92%         2
 Scorch                   Fire           0%         2d5       92%         2
 Searing Ray              Conj           0%         2d4       92%         2
 Sublimation of Blood     Necr           0%         N/A       92%         2
 Wereblood                Tmut           0%         N/A       92%         2
 Call Canine Familiar     Summ           0%         N/A       99%         3
 Confusing Touch          Hex            0%         N/A       99%         3
 Ignite Poison            Fire/Tmut/Pois 0%         N/A       99%         3
 Inner Flame              Hex/Fire       0%         N/A       99%         3
 Summon Guardian Golem    Hex/Summ       0%         N/A       99%         3
 Vampiric Draining        Necr           0%         2d6       99%         3
 Iskenderun's Mystic Bla  Conj/Tloc      12%        2d5       99%         4
 Cause Fear               Hex            0%         N/A       100%        4
 Dispel Undead            Necr           0%         3d6       100%        4
 Flame Wave               Conj/Fire      0%         2d4       100%        4
 Fulminant Prism          Conj/Hex       0%         3d6       100%        4
 Leda's Liquefaction      Hex/Erth       0%         N/A       100%        4
 Olgreb's Toxic Radiance  Pois           0%         N/A       100%        4
 Sticky Flame             Conj/Fire      0%         2d3       100%        4
 Lee's Rapid Deconstruct  Erth           0%         3d5*      100%        5
 Summon Forest            Summ/Tloc      6%         N/A       100%        5
 Summon Mana Viper        Hex/Summ       0%         N/A       100%        5
 Eringya's Noxious Bog    Tmut/Pois      0%         N/A       100%        6
 Statue Form              Tmut/Erth      0%         N/A       100%        6
 Summon Cactus Giant      Summ           0%         N/A       100%        6
 Summon Hydra             Summ           0%         N/A       100%        7
 Discord                  Hex            0%         N/A       100%        8
 Ignition                 Fire           0%         3d3       100%        8
 Chain Lightning          Conj/Air       0%         N/A       100%        9
 Fire Storm               Conj/Fire      0%         5d1       100%        9
 Shatter                  Erth           0%         3d5*      100%        9


Dungeon Overview and Level Annotations

Branches:
Dungeon (15/15)            Temple (1/1) D:6            Lair (5/5) D:9
  Swamp (0/4) Lair:3       Spider (2/4) Lair:3        Slime (0/5) Lair:4
    Orc (2/2) D:11            Elf (0/3) Orc:2        Vaults (0/5) D:14
 Depths (0/4) D:15         Bailey (visited)

Altars:
Ashenzari
Cheibriados
Dithmenos
Elyvilon
Fedhas
Gozag
Hepliaklqana
Kikubaaqudgha
Makhleb
Nemelex Xobeh
Okawaru
Qazlal
Ru
Sif Muna
Trog
Uskayaw
Vehumet
Wu Jian
Xom
Yredelemnul
Zin
The Shining One

Shops:
D:1 :   D:3 =   D:6 *   D:9 (   D:11 (   D:12 :   Orc:1 =*   Orc:2 [*=?

Portals:
Pandemonium: Orc:2

Annotations:
Lair:5 1 runed translucent door, billz999's ghost, journeyman TrMo
Spider:1 Arachne


Innate Abilities, Weirdness & Mutations

You are small and have problems with some larger weapons.
You are completely attuned to the shadows.
You have large cloven feet.
Your mind is very acute. (Int +8, Str/Dex -2)
You are strong-willed. (Will+)


Message History

The redback bites your +6 spectral rapier.
The redback splashes around in the water.
The redback barely misses your +6 spectral rapier.
The redback bites you.
* * * LOW HITPOINT WARNING * * *
The redback bites your +6 spectral rapier!
Your spectral weapon shares its damage with you!
Your +6 spectral rapier fades away.
* * * LOW HITPOINT WARNING * * *
You barely miss Arachne.
Arachne is almost dead.
Your +6 spectral rapier closely misses Arachne.
Arachne closely misses you. You block the redback's attack.
The redback closely misses your +6 spectral rapier.
You hit Arachne.
Arachne is almost dead.
Your +6 spectral rapier closely misses Arachne.
Arachne hits you with a staff of poison!
* * * LOW HITPOINT WARNING * * *
Arachne envenoms you!
* * * LOW HITPOINT WARNING * * *
The redback completely misses you. x2
The redback bites your +6 spectral rapier.
Your spectral weapon shares its damage with you!
* * * LOW HITPOINT WARNING * * *
The redback bites you.
* * * LOW HITPOINT WARNING * * *
You block the redback's attack.
You feel much better.
Arachne hits you with a staff of poison.
* * * LOW HITPOINT WARNING * * *
Arachne envenoms you.
* * * LOW HITPOINT WARNING * * *
You are poisoned.
The redback completely misses you. The redback closely misses you.
The redback barely misses you. You block the redback's attack.
Arachne hits you with a staff of poison!
* * * LOW HITPOINT WARNING * * *
Arachne envenoms you!
You die...

#..##..#...#...#..#
......##.#.#...######
..###.#.#.....#..~≈≈#
#.....#..#...##.##~≈#
###.#.#..^.##.....~~#
#...#..............≈#
#.#.#...##..###.#####
..#...#^^#.##...ss###
..##..###...#.>#@ss.#####
..^......####^.sHs.~.≈≈≈#
.#..##..##..(..#~s~~~≈≈##
.#....#..##....#~~~#####
.##..##.##..^#.~~##~.#
..#...#....#.^#.....##
#.###..#...#...#..#.#
........####.#...####
.###.##..#.#..#..##


You could see Arachne (empowered, waterlogged) and 7 redbacks.

Vanquished Creatures
  Rupert (Lair:4)
  Asterion (Spider:2)
  Gastronok (D:11)
  Kirke (Lair:5)
  An emperor scorpion (Spider:2)
  2 ghost moths (Spider:2)
  An orc warlord (Orc:2)
  A stone giant (D:15)
  Azrael (Spider:1)
  A dire elephant (Lair:5)
  Snorg (Orc:1)
  Josephine (D:11)
  3 fire dragons
  A jorogumo (Spider:2)
  8 hydras
  Harold (D:9)
  2 vault guards (Bailey)
  A radroach (Spider:1)
  2 catoblepae (Lair:5)
  Erica (Lair:1)
  6 boulder beetles
  7 centaur warriors
  2 demonspawn (Orc:2)
  2 ogre magi
  14 two-headed ogres
  4 tengu warriors (D:15)
  5 orc high priests (Orc:2)
  9 death yaks
  A sixfirhy (Orc:2)
  4 pharaoh ants
  14 skeletal warriors
  A shadow wraith (D:14)
  3 orb spiders
  A steelbarb worm (Spider:2)
  Pikel (D:9)
  2 lindwurms (Lair:5)
  The ghost of testman the Destroyer, a novice TeRe of Hepliaklqana (D:6)
  3 deep elf pyromancers
  10 orc sorcerers (Orc:2)
  8 orc knights
  6 ugly things
  A harpy (D:14)
  12 wolf spiders
  2 cyclopes
  5 manticores
  4 elephants (Lair:4)
  Maurice (Orc:1)
  4 torpor snails
  6 black mambas
  An elephant (shapeshifter) (D:9)
  10 cane toads
  2 gargoyles
  Maggie (Lair:1)
  6 demonic crawlers
  3 kobold demonologists
  5 rime drakes
  3 komodo dragons
  2 tengu conjurers (D:15)
  9 trolls
  3 meliai (D:14)
  10 polar bears (Lair:5)
  Prince Ribbit (Bailey)
  A hornet (D:9)
  17 tarantellas
  5 raiju (Lair:5)
  19 blink frogs
  9 slime creatures
  12 dream sheep
  16 jumping spiders
  A jumping spider (shapeshifter) (D:13)
  11 culicivoras
  4 wyverns
  2 shadows
  5 humans (Bailey)
  3 basilisks
  56 yaks
  9 wraiths
  A hog (Lair:5)
  A steam dragon (D:9)
  23 redbacks
  A chaos spawn (Orc:2)
  2 fire elementals (Spider:1)
  A neqoxec (Orc:2)
  22 vampire mosquitoes
  A redback (shapeshifter) (D:14)
  10 wargs
  An acid dragon (D:9)
  11 water moccasins
  Duvessa (D:4)
  13 hell hounds
  14 black bears
  43 orc warriors
  2 ice beasts (D:7)
  8 ogres
  26 wolves
  2 lemures (D:9)
  13 centaurs
  2 kobold brigands (D:9)
  2 necrophages
  19 bullfrogs
  3 gnoll sergeants
  5 scorpions
  17 wights
  Dowan (D:4)
  13 killer bees
  8 howler monkeys
  A centaur skeleton (D:6)
  5 hounds
  4 jellies
  29 orc priests
  Jessica (D:3)
  Natasha (twice) (D:4)
  5 iguanas
  26 orc wizards
  2 centaur simulacra
  A spectral howler monkey (D:6)
  A mummy (D:10)
  10 adders
  16 gnolls
  2 shadow imps (D:6)
  2 white imps
  3 ufetubi
  4 worms
  68 orcs
  2 bats
  9 endoplasms
  A giant cockroach (D:2)
  11 goblins
  3 hobgoblins
  8 jackals
  3 quokkas
  8 ball pythons
  2 frilled lizards
  6 kobolds
  8 rats
906 creatures vanquished.

Vanquished Creatures (others)
  2 redbacks (Spider:1)
  2 humans (Lair:5)
  An orc (Orc:2)
  14 fungi
  40 plants
59 creatures vanquished.

Grand Total: 965 creatures vanquished

Notes
Turn   | Place    | Note
-------+----------+-------------------------------------------
     0 | D:1      | scionoferis the Kobold Brigand began the quest for the Orb.
     0 | D:1      | Reached XP level 1. HP: 12/12 MP: 1/1
   226 | D:1      | Reached XP level 2. HP: 15/17 MP: 2/2
   594 | D:1      | Found Ucahosoj's Book Shoppe.
   604 | D:1      | Found a faded altar of an unknown god.
   921 | D:2      | Reached XP level 3. HP: 22/22 MP: 3/3
  1368 | D:2      | Reached XP level 4. HP: 27/27 MP: 4/4
  1514 | D:2      | Reached skill level 1 in Armour
  2103 | D:3      | Noticed Jessica
  2107 | D:3      | Killed Jessica
  2108 | D:3      | Reached XP level 5. HP: 32/32 MP: 5/5
  2134 | D:3      | Reached skill level 6 in Stealth
  2218 | D:3      | Found Lualaef's Jewellery Boutique.
  2256 | D:3      | Reached skill level 5 in Short Blades
  2260 | D:3      | Reached XP level 6. HP: 37/37 MP: 6/6
  3073 | D:4      | Found a broken altar of Ashenzari.
  3073 | D:4      | Found a glowing golden altar of the Shining One.
  3073 | D:4      | Found a white marble altar of Elyvilon.
  3103 | D:4      | Noticed Duvessa
  3129 | D:4      | Killed Duvessa
  3130 | D:4      | Reached XP level 7. HP: 39/42 MP: 7/7
  3130 | D:4      | Noticed Dowan
  3327 | D:4      | Noticed Natasha
  3331 | D:4      | Killed Natasha
  3345 | D:4      | Noticed Natasha
  3354 | D:4      | Killed Natasha
  4063 | D:4      | Killed Dowan
  4064 | D:4      | Reached XP level 8. HP: 46/48 MP: 8/8
  4092 | D:5      | Entered Level 5 of the Dungeon
  4205 | D:5      | Noticed a yak
  4206 | D:5      | Noticed a yak
  4210 | D:5      | Noticed a yak
  4247 | D:5      | Killed a yak
  4257 | D:5      | Killed a yak
  4283 | D:5      | Killed a yak
  4440 | D:5      | Reached skill level 5 in Fighting
  4440 | D:5      | Reached skill level 5 in Dodging
  4670 | D:5      | Reached XP level 9. HP: 54/54 MP: 9/9
  5014 | D:5      | Reached skill level 7 in Stealth
  5646 | D:6      | Found a staircase to the Ecumenical Temple.
  5657 | Temple   | Entered the Ecumenical Temple
  5746 | Temple   | Became a worshipper of Uskayaw the Reveller
  5771 | D:6      | Reached * piety under Uskayaw
  6125 | D:6      | Reached ** piety under Uskayaw
  6130 | D:6      | Found Veiguq's Assorted Antiques.
  6135 | D:6      | Bought a fine scale mail for 270 gold pieces
  6135 | D:6      | Identified the +2 scale mail of Misanthropy {rPois rC++
                  | rCorr} (You bought it in a shop on level 6 of the Dungeon)
  6283 | D:6      | Noticed a gargoyle
  6300 | D:5      | Killed a gargoyle
  6300 | D:5      | Reached *** piety under Uskayaw
  6592 | D:6      | Found a runed translucent gate.
  6592 | D:6      | Found a runed translucent gate.
  6592 | D:6      | Found a runed translucent gate.
  6880 | D:6      | Noticed testman's ghost (novice TeRe)
  6884 | D:6      | Killed testman's ghost
  6885 | D:6      | Reached skill level 10 in Short Blades
  6885 | D:6      | Reached skill level 8 in Stealth
  6885 | D:6      | Reached XP level 10. HP: 58/60 MP: 10/10
  7047 | D:7      | Found an iron altar of Okawaru.
  7147 | D:7      | Reached skill level 1 in Invocations
  7152 | D:7      | Reached skill level 5 in Throwing
  7414 | D:7      | Reached **** piety under Uskayaw
  7419 | D:7      | Reached ***** piety under Uskayaw
  7422 | D:7      | Noticed a manticore
  7476 | D:7      | Killed a manticore
  7748 | D:7      | Found an ornate altar of the Wu Jian Council.
  8378 | D:8      | Reached ****** piety under Uskayaw
  8409 | D:8      | Reached skill level 9 in Stealth
  8544 | D:8      | Found a flagged portal.
  8573 | Bailey   | Entered a bailey
  8624 | Bailey   | Reached XP level 11. HP: 65/66 MP: 14/14
  8719 | Bailey   | Reached skill level 5 in Armour
  8848 | Bailey   | Reached skill level 5 in Invocations
  8902 | Bailey   | Noticed Prince Ribbit
  8903 | Bailey   | Noticed a vault guard
  8906 | Bailey   | Killed Prince Ribbit
  8921 | Bailey   | Killed a vault guard
  8973 | Bailey   | Noticed a vault guard
  8993 | Bailey   | Killed a vault guard
  9155 | Bailey   | Gained mutation: You are occasionally teleported next to
                  | monsters. [potion of mutation]
  9155 | Bailey   | Gained mutation: Your flesh is cold resistant. (rC+)
                  | [potion of mutation]
  9155 | Bailey   | Gained mutation: Your mind is acute. (Int +4, Str/Dex -1)
                  | [potion of mutation]
  9156 | Bailey   | Lost mutation: You are occasionally teleported next to
                  | monsters. [potion of mutation]
  9156 | Bailey   | Lost mutation: Your flesh is cold resistant. (rC+) [potion
                  | of mutation]
  9156 | Bailey   | Gained mutation: You have large cloven feet. [potion of
                  | mutation]
  9156 | Bailey   | Gained mutation: Your mind is very acute. (Int +8, Str/Dex
                  | -2) [potion of mutation]
  9156 | Bailey   | Gained mutation: You are strong-willed. (Will+) [potion of
                  | mutation]
  9867 | D:9      | Noticed Pikel
  9908 | D:9      | Killed Pikel
  9909 | D:9      | Reached skill level 10 in Stealth
 10070 | D:9      | Found a staircase to the Lair.
 10116 | D:9      | Found Lidiuco's Antique Weapon Shoppe.
 10451 | D:9      | Noticed Harold
 10457 | D:9      | Killed Harold
 10458 | D:9      | Reached skill level 1 in Evocations
 10613 | D:9      | Reached XP level 12. HP: 73/73 MP: 17/17
 10680 | D:9      | Noticed a two-headed ogre
 10683 | D:9      | Killed a two-headed ogre
 10684 | D:9      | Reached skill level 1 in Long Blades
 10699 | D:9      | Noticed a two-headed ogre
 10700 | D:9      | Killed a two-headed ogre
 10718 | D:9      | Noticed a two-headed ogre
 10733 | D:9      | Killed a two-headed ogre
 11551 | D:9      | Noticed a four-headed hydra
 11567 | D:9      | Reached skill level 11 in Stealth
 11800 | D:9      | Identified the +9 dagger of War {freeze, rPois}
 11977 | D:9      | Noticed a two-headed ogre
 11988 | D:9      | Killed a two-headed ogre
 12190 | D:9      | Killed a four-headed hydra
 12256 | D:10     | Entered Level 10 of the Dungeon
 12432 | D:10     | Identified a scroll of acquirement
 12433 | D:10     | Acquired a +0 vampiric quick blade
 12545 | D:10     | Reached XP level 13. HP: 74/79 MP: 19/19
 12633 | D:10     | Found a snail-covered altar of Cheibriados.
 12988 | D:11     | Noticed Gastronok
 12992 | D:11     | Killed Gastronok
 12993 | D:11     | Reached skill level 1 in Shields
 13074 | D:11     | Found a staircase to the Orcish Mines.
 13237 | D:11     | Noticed Josephine
 13266 | D:11     | Killed Josephine
 13307 | D:11     | Found Xuystrawn's Weapon Emporium.
 13542 | D:11     | You fall into a shaft and drop 2 floors!
 13699 | D:13     | Noticed a centaur warrior
 13785 | D:13     | Noticed a centaur warrior
 13787 | D:13     | Killed a centaur warrior
 13794 | D:13     | Killed a centaur warrior
 13795 | D:13     | Reached skill level 5 in Evocations
 14009 | D:12     | Found Ineremoa's Book Shop.
 14048 | D:13     | Noticed a fire dragon
 14982 | D:12     | Reached skill level 12 in Stealth
 15400 | Lair:1   | Entered Level 1 of the Lair of Beasts
 15546 | Lair:1   | Reached skill level 10 in Dodging
 15606 | Lair:1   | Noticed Erica
 15637 | Lair:1   | Killed Erica
 15697 | Lair:1   | Reached skill level 10 in Invocations
 15709 | Lair:1   | Noticed Maggie
 15716 | Lair:1   | Killed Maggie
 16006 | Lair:1   | Reached XP level 14. HP: 76/86 MP: 21/21
 18024 | Lair:3   | Found a hole to the Spider Nest.
 18236 | Lair:3   | Found a staircase to the Swamp.
 18830 | Lair:4   | Reached skill level 10 in Fighting
 19199 | Lair:4   | Found a staircase to the Slime Pits.
 19405 | Lair:4   | Noticed Rupert
 19411 | Lair:4   | Killed Rupert
 19766 | Lair:5   | Entered Level 5 of the Lair of Beasts
 20070 | Lair:5   | Reached skill level 13 in Stealth
 20078 | Lair:5   | Noticed Kirke
 20094 | Lair:5   | Killed Kirke
 20095 | Lair:5   | Reached XP level 15. HP: 42/92 MP: 18/23
 20964 | Lair:5   | Reached skill level 5 in Long Blades
 22858 | Lair:5   | Noticed billz999's ghost (journeyman TrMo)
 23041 | Lair:5   | Found a runed translucent door.
 24801 | D:14     | Reached XP level 16. HP: 100/100 MP: 25/25
 24865 | D:14     | Reached skill level 5 in Shields
 24867 | D:14     | Identified the +6 scimitar "Qigraih" {holy, rElec rN+
                  | Dex-4}
 24882 | D:14     | Learned a level 2 spell: Blink
 24956 | D:14     | Reached skill level 14 in Stealth
 25174 | D:14     | Reached skill level 1 in Translocations
 25993 | D:14     | Found a gate to the Vaults.
 26615 | D:15     | Entered Level 15 of the Dungeon
 26697 | D:15     | Identified the +0 leather armour of a sewer {Harm rF+
                  | Str-2}
 27276 | D:15     | HP: 1/100 [skeletal warrior/+0 morningstar (24)]
 28530 | D:15     | Found a staircase to the Depths.
 28832 | D:15     | Reached XP level 17. HP: 105/105 MP: 22/27
 29064 | Orc:1    | Entered Level 1 of the Orcish Mines
 29064 | Orc:1    | Noticed Snorg
 29067 | Orc:1    | Killed Snorg
 29349 | Orc:2    | Entered Level 2 of the Orcish Mines
 29663 | Orc:1    | Found Queko's Jewellery Emporium.
 30190 | Orc:1    | Noticed Maurice
 30238 | Orc:1    | Killed Maurice
 30252 | Orc:1    | Found Seosep's General Store.
 30796 | Orc:2    | Found a staircase to the Elven Halls.
 30877 | Orc:2    | Found a bloodstained altar of Trog.
 31355 | Orc:2    | Found Wugriok's General Store.
 31422 | Orc:2    | Found Kaiq's Magic Scroll Emporium.
 31428 | Orc:2    | Bought a scroll of blinking for 135 gold pieces
 31428 | Orc:2    | Bought a scroll of blinking for 135 gold pieces
 31449 | Orc:2    | Reached skill level 5 in Translocations
 32154 | Orc:2    | Found Usicw's Jewellery Boutique.
 32154 | Orc:2    | Found Yxkyhuts's Antique Armour Shop.
 32154 | Orc:2    | Found a one-way gate leading to the halls of Pandemonium.
 32166 | Orc:2    | Reached skill level 15 in Stealth
 32172 | Orc:2    | Bought a dazzling scale mail for 162 gold pieces
 32172 | Orc:2    | Identified the +6 scale mail of Vaekkeb {Fly rF- Will+
                  | Regen+ Stlth+} (You bought it in a shop on level 2 of the
                  | Orcish Mines)
 32597 | Orc:1    | Bought a scroll of identify for 36 gold pieces
 32865 | Orc:1    | Bought a scroll of brand weapon for 171 gold pieces
 32865 | Orc:1    | Bought a scroll of blinking for 135 gold pieces
 32949 | Orc:2    | Bought a scroll of enchant weapon for 135 gold pieces
 33379 | Spider:1 | Entered Level 1 of the Spider Nest
 34313 | Spider:1 | Noticed Azrael
 34324 | Spider:1 | Killed Azrael
 35299 | Spider:2 | Reached XP level 18. HP: 91/112 MP: 24/28
 36047 | Spider:2 | Noticed Asterion
 36051 | Spider:2 | Killed Asterion
 36653 | Spider:2 | Noticed Arachne
 36681 | Spider:1 | HP: 5/112 [redback (2)]
 36682 | Spider:1 | Slain by Arachne

Illustrated notes

Levels and vault maps discovered:
D:1:      ebering_hopf_link, layout_loops_ring, serial_shops,
          nicolae_shop_window_shopping, basic_ecumenical_altar
D:2:      layout_loops_ring, hex_large, columned_hall_lemuel
D:3:      layout_basic, serial_shops, nicolae_shop_hallway_plus,
          minmay_misc_feat_four_crosses, uniq_jessica
D:4:      layout_basic, gammafunk_temple_overflow_forgotten, uniq_natasha,
          uniq_duvessa
D:5:      layout_loops_corners
D:6:      layout_basic, minmay_temple_entry_wispy, serial_shops,
          nicolae_shop_trees, gammafunk_ghost_necromancy,
          minmay_chambers_of_fives
D:7:      layout_loops_ring, pf_just_have_faith, lemuel_coloured_pillars_altar,
          grunt_potential
D:8:      layout_cave_pools, enter_bailey_5
D:9:      minmay_quarter_circles, layout_stronghold, dpeg_oklobed_lair,
          serial_shops, kennysheep_mini_moat, uniq_harold, uniq_pikel
D:10:     layout_roguey, chei_slow_surprise
D:11:     layout_basic, david_orc_3, serial_shops, nicolae_inconvenience_store,
          uniq_josephine, uniq_gastronok
D:12:     layout_basic, serial_shops, nicolae_take_the_stairs, serial_curves,
          eino_curves_01, eino_curves_02
D:13:     layout_gridville
D:14:     layout_gridville, david_vaults_2, nicolae_figureground_pulse,
          minmay_evil_grid
D:15:     grunt_enter_depths_snipers, layout_cave_pools,
          ebering_dispersal_statue_hall, serial_column_ruins,
          column_ruins_hut_ruined, column_ruins_columns_straight,
          column_ruins_corridor_corner, column_ruins_open_small,
          column_ruins_grid_2, column_ruins_open_small
Temple:   nicolae_temple_x_marks_the_god
Lair:1:   layout_long_grid, lemuel_fruit_fields, uniq_maggie, uniq_erica
Lair:2:   layout_gridlike
Lair:3:   layout_regular_city, minmay_swamp_entry_swarm,
          spider_nest_entry_web_field
Lair:4:   layout_loops_ring, slime_entry_1, nicolae_lair_lil_pond,
          beast_lair_carwin_2, infiniplex_staircase_pool_2, lemuel_fruit_fields,
          serial_bayou_shore_a, uniq_rupert
Lair:5:   hangedman_lair_caniforms_friends, layout_cave_pods,
          hangedman_lair_in_review, hellmonk_ghost_happy_afterlife, uniq_kirke
Spider:1: layout_spider_delve, drop_trap, uniq_azrael
Spider:2: layout_spider_delve, uniq_asterion, uniq_arachne
Orc:1:    layout_caves, serial_shops, shop, shop, uniq_snorg, uniq_maurice
Orc:2:    pf_orc_diabolical, layout_caves, basic_altar, mines4_lemuel

Skill      XL: |  1  2  3  4  5  6  7  8  9 10 11 12 13 14 15 16 17 18 |
---------------+-------------------------------------------------------+-----
Short Blades   | 3 4 5 6 7 8 10 11 12 13 14 | 14.8
Dodging        | 2 3 4 5 6 7 8 9 10 11 12 13 | 13.2
Armour         | 1 2 3 4 5 6 7 8 9 |  9.5
Fighting       | 3 4 5 6 7 8 9 10 11 12 | 12.4
Stealth        | 6 8 9 10 11 12 13 14 15 | 15.5
Throwing       | 3 4 5 6 |  6.0
Invocations    | 4 6 8 10 11 12 13 14 | 14.9
Evocations     | 1 3 5 6 7 |  7.2
Long Blades    | 2 3 4 5 7 8 |  8.0
Shields        | 2 3 4 5 6 |  6.0
Translocations | 4 5 |  5.7

Action                   |  1- 3 |  4- 6 |  7- 9 | 10-12 | 13-15 | 16-18 || total
-------------------------+-------+-------+-------+-------+-------+-------++-------
Melee: Dagger            |    90 |       |       |    58 |  1348 |  1014 ||  2510
       Short sword       |     2 |   141 |   406 |   887 |       |       ||  1436
       Punch             |     1 |     1 |     7 |    18 |       |       ||    27
       Kick              |       |       |       |   199 |    42 |       ||   241
       Scimitar          |       |       |       |       |       |    64 ||    64
       Rapier            |       |       |       |       |       |   452 ||   452
Throw: Dart              |       |       |     8 |       |    20 |     4 ||    32
       Throwing net      |       |       |     2 |       |       |       ||     2
       Boomerang         |       |       |     1 |     1 |       |    20 ||    22
Invok: Line Pass         |       |       |       |    17 |    13 |    41 ||    71
       Stomp             |       |       |       |       |     4 |     2 ||     6
Evoke: Wand              |       |       |       |     8 |       |     4 ||    12
       Phial of floods   |       |       |       |       |       |     1 ||     1
  Use: Potion            |       |     2 |     1 |     3 |     2 |     3 ||    11
       Scroll            |       |       |       |    15 |    11 |    12 ||    38
 Stab: Sleeping          |    12 |    19 |    24 |    32 |    49 |    29 ||   165
       Distracted        |       |     1 |     2 |     5 |     4 |    25 ||    37
       Held in net/web   |       |       |     5 |       |       |       ||     5
       Paralysed         |       |       |       |    29 |    74 |    60 ||   163
       Confused          |       |       |       |     9 |     8 |    26 ||    43
       Invisible         |       |       |       |       |     2 |       ||     2
       Petrified         |       |       |       |       |     1 |       ||     1
Armor: Robe              |    11 |    18 |       |       |       |       ||    29
       Ring mail         |       |     6 |    65 |       |       |       ||    71
       Skin              |       |       |    20 |       |       |       ||    20
       Scale mail        |       |       |    14 |   186 |   238 |   264 ||   702
Dodge: Dodged            |    62 |    66 |   128 |   415 |   541 |   702 ||  1914
Block: Other             |       |     7 |    43 |   130 |       |       ||   180
       Reflection        |       |       |     1 |     3 |     3 |    10 ||    17
       Buckler           |       |       |       |    14 |   480 |   648 ||  1142

Table legend: (Time is in decaauts)
 A = Elapsed time spent in this place.
 B = Non-inter-level travel time spent in this place.
 C = Inter-level travel time spent in this place.
 D = Time resting spent in this place.
 E = Time spent auto-exploring this place.
 F = Levels seen in this place.
 G = Mean time per level.
                   A        B        C        D        E       F      G
               +--------+--------+--------+--------+--------+-----+--------+
         Total |  34870 |  32160 |   2710 |   5872 |  19193 |  26 | 1341.2 |
       Dungeon |  18934 |  17177 |   1757 |   2185 |  11275 |  15 | 1262.3 |
        Temple |     97 |     90 |      7 |      0 |     73 |   1 |   97.0 |
          Lair |   8588 |   8130 |    458 |   1513 |   5008 |   5 | 1717.6 |
   Spider Nest |   3125 |   3109 |     16 |   1246 |   1264 |   2 | 1562.5 |
  Orcish Mines |   3608 |   3136 |    472 |    697 |   1476 |   2 | 1804.0 |
        Bailey |    517 |    517 |      0 |    231 |     97 |   1 |  517.0 |
               +--------+--------+--------+--------+--------+-----+--------+

Top non-repeatable levels by time:
  Lair:5: 3544 daAuts
   Orc:2: 2817 daAuts
     D:9: 2526 daAuts
Spider:1: 2175 daAuts
    D:14: 2039 daAuts
  Lair:4: 1657 daAuts
    D:11: 1365 daAuts
     D:5: 1357 daAuts
    D:15: 1345 daAuts
     D:6: 1315 daAuts
     D:3: 1230 daAuts
    D:13: 1219 daAuts
  Lair:3: 1218 daAuts
     D:7: 1178 daAuts
  Lair:2: 1176 daAuts
